 Dungeon Crawl Stone Soup version 0.28-a0-556-gab23d0e057 (webtiles) character file.

Game seed: 18281268966023374242

19737 siradein the Spear-Bearer (level 12, -1/97 HPs)
             Began as a Merfolk Gladiator on Sept 28, 2021.
             Was a Priest of Makhleb.
             Killed from afar by a lindwurm (30 damage)
             ... with a blast of flame
             ... in a volcano.
             The game lasted 01:03:16 (17618 turns).

siradein the Spear-Bearer (Merfolk Gladiator)      Turns: 17618, Time: 01:03:16

Health: -1/97      AC: 19    Str: 17    XL:     12   Next: 72%
Magic:  18/18      EV: 17    Int:  8    God:    Makhleb [***...]
Gold:   1623       SH:  0    Dex: 17    Spells: 11/11 levels left

rFire   . . .      SeeInvis .   n - +0 halberd
rCold   + . .      Faith    +   (shield currently unavailable)
rNeg    . . .      Spirit   .   Q - +0 ring mail of Hedge Wizardry {rC+ Will++}
rPois   +          Reflect  .   V - +2 hat
rElec   .          Harm     .   h - +0 cloak
rCorr   .          Rampage  .   T - +2 pair of gloves
Will    +++..                   H - +0 pair of boots
Stlth   +.........              N - amulet of faith
HPRegen 0.26/turn               g - ring of poison resistance
MPRegen 0.16/turn               J - +4 ring of protection

@: studying Bows
A: (nimble swimmer 2), mertail, strong-willed 1, shaggy fur 1
a: Renounce Religion, Minor Destruction, Lesser Servant of Makhleb


You were in a volcano.
You worshipped Makhleb.
Makhleb was most pleased with you.
You visited 2 branches of the dungeon, and saw 13 of its levels.
You also visited: Ossuary and Volcano.

You collected 1623 gold pieces.

Inventory:

Hand Weapons
 n - a +0 halberd (weapon)
Missiles
 d - 6 throwing nets
 e - 271 stones (quivered)
 m - 6 curare-tipped darts
 q - 31 poisoned darts
 v - 6 javelins
 M - 2 boomerangs
Armour
 f - +1 steam dragon scales
 h - a +0 cloak (worn)
 H - a +0 pair of boots (worn)
 Q - the +0 ring mail of Hedge Wizardry (worn) {rC+ Will++}
   (You found it on level 11 of the Dungeon)

   rC:        It protects you from cold.
   Will:      It greatly increases your willpower.
 T - a +2 pair of gloves (worn)
 V - a +2 hat (worn)
Jewellery
 g - a ring of poison resistance (left hand)
 J - a +4 ring of protection (right hand)
 L - a ring of see invisible
 N - an amulet of faith (around neck)
 P - an amulet of reflection
Wands
 i - a wand of digging (17)
 s - a wand of flame (11)
 U - a wand of mindburst (16)
Scrolls
 j - 3 scrolls of summoning
 l - 2 scrolls of immolation
 r - 4 scrolls of teleportation
 w - a scroll of enchant armour
 y - 5 scrolls of amnesia
 z - 2 scrolls of enchant weapon
 E - 2 scrolls of silence
 F - 2 scrolls of fog
 G - a scroll of fear
 S - a scroll of brand weapon
Potions
 a - a potion of mutation
 b - 3 potions of attraction {unknown}
 c - a potion of ambrosia {unknown}
 o - a potion of invisibility {unknown}
 p - 4 potions of haste
 u - 2 potions of berserk rage
 x - 3 potions of flight
 C - 6 potions of curing
 D - a potion of cancellation {unknown}
 I - a potion of magic {unknown}
 K - a potion of resistance {unknown}
 R - a potion of might {unknown}
Miscellaneous
 k - a piece from Xom's chessboard (15/15)


   Skills:
 + Level 9.9 Fighting
 + Level 13.0 Polearms
 + Level 9.0 Throwing
 + Level 6.0 Armour
 + Level 11.9 Dodging
 + Level 9.2 Invocations


You had 11 spell levels left.
You didn't know any spells.
Your spell library contained the following spells:

 Spells                   Type           Power      Damage    Failure   Level
 Apportation              Tloc           0%         N/A       58%         1
 Sandblast                Erth           0%         2d4       58%         1
 Ensorcelled Hibernation  Hex/Ice        0%         N/A       73%         2
 Passwall                 Tmut/Erth      0%         N/A       73%         2
 Slow                     Hex            0%         N/A       73%         2
 Static Discharge         Conj/Air       0%         N/A       73%         2
 Confusing Touch          Hex            0%         N/A       91%         3
 Spider Form              Tmut/Pois      0%         N/A       91%         3
 Stone Arrow              Conj/Erth      0%         3d7       91%         3
 Vampiric Draining        Necr           0%         2d6       91%         3
 Dispel Undead            Necr           0%         3d6       100%        4
 Sticky Flame             Conj/Fire      0%         2d3       100%        4
 Alistair's Intoxication  Tmut/Pois      0%         N/A       100%        5
 Invisibility             Hex            0%         N/A       100%        6


Dungeon Overview and Level Annotations

Branches:
Dungeon (11/15)            Temple (0/1) D:5            Lair (2/6) D:11
 Spider (0/4) Lair:2          Orc (0/2) D:11        Ossuary (visited)
Volcano (1/1)
  Swamp: Lair:2-4    Shoals: Lair:2-4

Altars:
Fedhas
Hepliaklqana
Makhleb
Okawaru
Qazlal
Sif Muna
Trog

Shops:
D:1 [?!*   D:9 *

Annotations:
D:9 2 runed translucent doors, siradein's ghost, novice HOFi
D:11 1 runed translucent door, robertstho's ghost, journeyman DjFE


Innate Abilities, Weirdness & Mutations

((You are quick and stealthy near water. (Stealth+, EV+, Speed+++)))
Your lower body shifts to a powerful aquatic tail in water.
You are strong-willed. (Will+)
You are covered in fur. (AC +1)


Message History

The lindwurm claws your hellwing. x2
Reach: n) +0 halberd
Press: ? - help, Dir - move target, f/p - lindwurm
Aim: a lindwurm (catching its breath, ally target, about 22% to evade your +0 halberd)
You could not reach far enough!
Unknown command.
Reach: n) +0 halberd
Press: ? - help, Dir - move target, f - lindwurm, p - lindwurm
Aim: a lindwurm (catching its breath, about 22% to evade your +0 halberd)
You could not reach far enough!
The lindwurm bites your hellwing! The lindwurm claws your hellwing.
The lindwurm claws your hellwing but does no damage.
Your hellwing hits the lindwurm!
Your hellwing hits the lindwurm but does no damage.
Reach: n) +0 halberd
Press: ? - help, Dir - move target, f/p - lindwurm
Aim: a lindwurm (about 22% to evade your +0 halberd)
You reach to attack!
You impale the lindwurm!!
The lindwurm is heavily wounded.
Your hellwing hits the lindwurm!
Your hellwing hits the lindwurm but does no damage.
The lindwurm bites your hellwing!
The lindwurm claws your hellwing but does no damage. x2
The lindwurm breathes flames at you. The blast of flame hits you!!
* * * LOW HITPOINT WARNING * * *
Reach: n) +0 halberd
Press: ? - help, Dir - move target, f/p - lindwurm
Aim: a lindwurm (heavily wounded, catching its breath, about 22% to evade your +0 halberd)
You reach to attack!
You closely miss the lindwurm.
The lindwurm is heavily wounded.
Your hellwing barely misses the lindwurm.
Your hellwing hits the lindwurm but does no damage.
The lindwurm bites your hellwing!
Your hellwing dies!
Your hellwing disappears in a puff of smoke!
There is an open door here.
The lindwurm breathes flames at you. The blast of flame hits you!!
You die...

### #.## ## ###..####○##
##≈....#..§○##
#°○....#..≈≈.##
#°≈.∩..'.≈≈≈...
#≈≈≈..##≈≈≈≈≈≈.
#≈≈≈...#≈≈○≈≈##########
#≈≈≈..####≈###@'#≈≈#≈≈##'
#≈°.∩..)#####.##.≈≈k.≈≈E#
#○○....#4#...###.≈≈k.≈≈.#
##≈...###..)## ##.≈≈≈≈.#
###.## #..## #.§≈≈≈.# ###
##.# #..≈≈.## ### ##..≈.#
#..## ###


You could see 2 lindwurms.

Vanquished Creatures
  A hydra (D:10)
  2 molten gargoyles (Volcano)
  An unseen horror (D:10)
  A cane toad (Lair:1)
  A gargoyle (D:10)
  A hornet (D:11)
  5 dream sheep (Lair:2)
  A wyvern (D:9)
  Eustachio (D:4)
  A wraith (D:9)
  18 yaks
  Grum (D:8)
  A steam dragon (D:8)
  4 water moccasins
  2 hell hounds (Lair:2)
  4 orc warriors
  2 black bears
  2 necrophages
  5 ogres
  10 centaurs
  8 wolves
  A kobold brigand (D:8)
  12 bullfrogs
  2 scorpions
  A water moccasin zombie (D:7)
  A wyvern skeleton (D:7)
  4 howler monkeys
  2 centaur zombies
  2 bullfrog skeletons
  A centaur skeleton (D:4)
  4 orc priests
  Jessica (D:2)
  7 iguanas
  10 orc wizards
  12 mummies (Ossuary)
  7 adders
  7 gnolls
  A shadow imp (D:5)
  An ufetubus (D:5)
  2 adder zombies (D:3)
  2 worms
  A dart slug (D:1)
  30 orcs
  3 bats
  8 endoplasms
  4 goblins
  9 hobgoblins
  3 quokkas
  5 ball pythons
  4 frilled lizards
  3 gnoll skeletons (Ossuary)
  A goblin skeleton (Ossuary)
  12 kobolds
  2 kobold skeletons (Ossuary)
  2 orc skeletons (Ossuary)
  2 rats
  11 rat skeletons (Ossuary)
252 creatures vanquished.

Vanquished Creatures (collateral kills)
  4 two-headed ogres
  Urug (D:10)
  Nergalle (Lair:1)
  A cyclops (D:11)
  A toenail golem (Volcano)
  A centaur zombie (D:11)
  A cane toad (Lair:1)
  A molten gargoyle (Volcano)
  2 dream sheep (Lair:2)
  A wraith (D:9)
  10 yaks
  3 orc warriors (D:11)
  2 wolves (Lair:1)
  An orc priest (D:8)
  5 orcs
35 creatures vanquished.

Vanquished Creatures (others)
  12 fungi
  8 plants
20 creatures vanquished.

Grand Total: 307 creatures vanquished

Notes
Turn   | Place    | Note
-------+----------+-------------------------------------------
     0 | D:1      | siradein the Merfolk Gladiator began the quest for the Orb.
     0 | D:1      | Reached XP level 1. HP: 16/16 MP: 1/1
   237 | D:1      | Reached XP level 2. HP: 23/23 MP: 2/2
   240 | D:1      | Found a faded altar of an unknown god.
   301 | D:1      | Found Xionavea's Distillery.
   448 | D:1      | Found Zaunwoss's Antique Armour Shop.
   543 | D:1      | Found Hisorch's Magic Scroll Shop.
   811 | D:1      | Found Zyung's General Store.
   952 | D:1      | Reached XP level 3. HP: 28/28 MP: 3/3
  1344 | D:2      | Reached skill level 5 in Polearms
  2256 | D:2      | Found a bloodstained altar of Trog.
  2307 | D:2      | Reached XP level 4. HP: 29/34 MP: 4/4
  2393 | D:2      | Noticed Jessica
  2401 | D:2      | Killed Jessica
  3476 | D:3      | Reached skill level 5 in Dodging
  3536 | D:3      | Reached XP level 5. HP: 41/41 MP: 5/5
  3600 | D:3      | Found a burning altar of Makhleb.
  3600 | D:3      | Noticed a green death
  4353 | D:3      | Noticed a ynoxinul
  4353 | D:3      | Noticed a neqoxec
  4355 | D:3      | Became a worshipper of Makhleb the Destroyer
  4434 | D:4      | Reached skill level 6 in Polearms
  4591 | D:4      | Reached skill level 1 in Invocations
  4591 | D:4      | Reached XP level 6. HP: 37/48 MP: 6/6
  4659 | D:4      | Noticed Eustachio
  4747 | D:4      | Killed Eustachio
  5126 | D:4      | Reached XP level 7. HP: 54/54 MP: 8/8
  5307 | D:4      | Identified the +7 chain mail of Negation {rC+ Str+3}
  5386 | D:5      | Entered Level 5 of the Dungeon
  5414 | D:5      | Reached skill level 7 in Polearms
  5420 | D:5      | Reached * piety under Makhleb
  5569 | D:5      | Found a sand-covered staircase.
  5643 | Ossuary  | Entered an ossuary
  5716 | Ossuary  | Reached XP level 8. HP: 61/61 MP: 10/10
  5748 | Ossuary  | Reached skill level 1 in Armour
  6279 | D:5      | Reached ** piety under Makhleb
  6342 | D:5      | Reached skill level 5 in Fighting
  6501 | D:5      | Found a staircase to the Ecumenical Temple.
  6929 | D:6      | Reached skill level 8 in Polearms
  6929 | D:6      | Reached skill level 5 in Throwing
  7129 | D:5      | Reached XP level 9. HP: 63/69 MP: 12/12
  8061 | D:7      | Reached skill level 5 in Invocations
  8489 | D:7      | Reached skill level 9 in Polearms
  8780 | D:7      | Found a blossoming altar of Fedhas.
  8784 | D:7      | Found a stormy altar of Qazlal.
  8970 | D:8      | Reached *** piety under Makhleb
  9483 | D:8      | Noticed Grum
  9522 | D:7      | Reached XP level 10. HP: 71/77 MP: 12/14
  9628 | D:8      | Killed Grum
 10673 | D:9      | Found a hazy altar of Hepliaklqana.
 10888 | D:9      | Reached skill level 10 in Polearms
 11148 | D:9      | Found a large runed translucent door.
 11148 | D:9      | Found a large runed translucent door.
 11148 | D:9      | Noticed siradein's ghost (novice HOFi)
 11160 | D:9      | Gained mutation: You are clumsy. (Dex -2) [potion of
                  | mutation]
 11160 | D:9      | Gained mutation: You are somewhat resistant to further
                  | mutation. [potion of mutation]
 11160 | D:9      | Gained mutation: You are very clumsy. (Dex -4) [potion of
                  | mutation]
 11161 | D:9      | Lost mutation: You are very clumsy. (Dex -4) [potion of
                  | mutation]
 11161 | D:9      | Lost mutation: You are somewhat resistant to further
                  | mutation. [potion of mutation]
 11161 | D:9      | Gained mutation: Potions are less effective at restoring
                  | your health. [potion of mutation]
 11161 | D:9      | Lost mutation: Potions are less effective at restoring your
                  | health. [potion of mutation]
 11162 | D:9      | Lost mutation: You are clumsy. (Dex -2) [potion of
                  | mutation]
 11162 | D:9      | Gained mutation: You are strong-willed. (Will+) [potion of
                  | mutation]
 11162 | D:9      | Gained mutation: You are covered in fur. (AC +1) [potion of
                  | mutation]
 11313 | D:9      | Found Xoonu's Assorted Antiques.
 11425 | D:10     | Entered Level 10 of the Dungeon
 11441 | D:10     | Found a shimmering blue altar of Sif Muna.
 11447 | D:10     | Noticed a two-headed ogre
 11457 | D:10     | Killed a two-headed ogre
 11746 | D:10     | Noticed Urug
 11775 | D:10     | Killed Urug
 11776 | D:10     | Reached XP level 11. HP: 52/86 MP: 16/16
 11990 | D:10     | Reached skill level 10 in Dodging
 12071 | D:10     | Found an iron altar of Okawaru.
 12520 | D:11     | Noticed a cyclops
 12595 | D:10     | Reached skill level 11 in Polearms
 12949 | D:11     | Noticed a four-headed hydra
 12949 | D:11     | Noticed a two-headed ogre
 12954 | D:11     | Killed a cyclops
 12960 | D:11     | Killed a two-headed ogre
 12978 | D:10     | Killed a four-headed hydra
 13167 | D:11     | Identified the +0 ring mail of Hedge Wizardry {rC+ Will++}
 13269 | D:11     | Found a runed translucent door.
 13269 | D:11     | Noticed robertstho's ghost (journeyman DjFE)
 13328 | D:11     | Noticed a two-headed ogre
 13335 | D:11     | Killed a two-headed ogre
 13336 | D:11     | Reached skill level 5 in Armour
 13839 | D:11     | Found a staircase to the Orcish Mines.
 13888 | D:11     | Found a staircase to the Lair.
 13990 | D:11     | Noticed a two-headed ogre
 14001 | D:11     | Killed a two-headed ogre
 14008 | D:11     | Reached skill level 12 in Polearms
 14012 | D:11     | Reached XP level 12. HP: 71/95 MP: 18/18
 14367 | Lair:1   | Entered Level 1 of the Lair of Beasts
 14569 | Lair:1   | Reached **** piety under Makhleb
 15613 | Lair:1   | Noticed Nergalle
 16079 | Lair:1   | Killed Nergalle
 16380 | Lair:2   | Identified a scroll of acquirement
 16380 | Lair:2   | Acquired 813 gold pieces
 16384 | Lair:2   | Found a hole to the Spider Nest.
 16879 | Lair:2   | Found a dark tunnel.
 16904 | Volcano  | Entered a volcano
 17505 | Volcano  | Reached skill level 13 in Polearms
 17618 | Volcano  | Killed from afar by a lindwurm

Illustrated notes

Levels and vault maps discovered:
D:1:      amcnicky_arrival_underground_garden, layout_loops_corners,
          basic_ecumenical_altar, serial_shops, nicolae_shop_behind_doors, shop,
          nicolae_shop_trees, nicolae_shop_temple_entry_statues_fountains
D:2:      layout_basic, serial_co_window_serial, co_window_of_opportunity_a,
          co_window_paths_b, co_window_paths_b, co_window_paths_b,
          co_window_paths_a, co_window_corner_b, co_window_unsneaky_path_b,
          co_window_corner_b, co_window_of_opportunity_b,
          co_window_unsneaky_path_c, co_window_cross_4, co_window_paths_e,
          co_window_4corner_a, glass_columns_a, glass_columns_a, basic_altar,
          uniq_jessica
D:3:      layout_loops_ring, makhleb_altar_promises_db, serial_undead,
          serial_undead_c, serial_undead_a, serial_undead_b, serial_undead_c,
          minmay_misc_feat_chi
D:4:      layout_rooms, kennysheep_potato, uniq_eustachio
D:5:      layout_rooms, minmay_temple_entry_stoned_glass, enter_ossuary_2,
          hex_tiny, minmay_manual_mares
D:6:      layout_basic
D:7:      layout_basic, grunt_temple_overflow_forces_of_nature, grunt_ogre_cave,
          nrook_uturn
D:8:      layout_cave_pods, uniq_grum
D:9:      layout_basic, marbit_many_paths, ebering_ghost_disaster_area,
          serial_shops, kennysheep_mini_moat
D:10:     layout_long_grid, okawaru_metal_pillars_3,
          nicolae_sif_muna_little_library, uniq_urug
D:11:     layout_cross, grunt_lair_entry_orc_guard_hut, david_orc_4,
          hellmonk_ghost_big_iron
Lair:1:   layout_roguey, beast_lair_carwin_10, grunt_megastairs_2,
          infiniplex_staircase_pool_2, uniq_nergalle
Lair:2:   layout_cave_pods, dummy_spider_entry, enter_volcano_3,
          lemuel_fruit_fields, infiniplex_staircase_pool
Volcano:  volcano_aerie

Skill      XL: |  1  2  3  4  5  6  7  8  9 10 11 12 |
---------------+-------------------------------------+-----
Polearms       | 5 6 7 8 9 10 12 13 | 13.0
Fighting       | 3 4 5 6 7 9 |  9.9
Throwing       | 3 4 5 6 7 8 9 |  9.0
Dodging        | 5 6 7 8 9 11 | 11.9
Invocations    | 1 2 3 4 5 6 8 9 |  9.2
Armour         | 2 3 4 5 6 |  6.0

Action                   |  1- 3 |  4- 6 |  7- 9 | 10-12 || total
-------------------------+-------+-------+-------+-------++-------
Melee: Trident           |    79 |   159 |   530 |   389 ||  1157
       Short sword       |     9 |       |       |       ||     9
       Halberd           |       |       |       |   262 ||   262
       Tailslap          |       |       |       |     6 ||     6
Throw: Stone             |     7 |    36 |    57 |     4 ||   104
       Dart              |       |     7 |    17 |     6 ||    30
Invok: Minor Destruction |       |       |     3 |     2 ||     5
       Lesser Servant of |       |       |       |    25 ||    25
  Use: Scroll            |       |       |       |    19 ||    19
       Potion            |       |       |       |     3 ||     3
 Stab: Sleeping          |     1 |     6 |       |       ||     7
       Distracted        |       |       |       |     4 ||     4
Armor: Leather armour    |    15 |    52 |     1 |       ||    68
       Chain mail        |       |       |   246 |    57 ||   303
       Steam dragon scal |       |       |       |    59 ||    59
       Ring mail         |       |       |       |   115 ||   115
Dodge: Dodged            |    51 |    81 |   208 |   488 ||   828

Table legend: (Time is in decaauts)
 A = Elapsed time spent in this place.
 B = Non-inter-level travel time spent in this place.
 C = Inter-level travel time spent in this place.
 D = Time resting spent in this place.
 E = Time spent auto-exploring this place.
 F = Levels seen in this place.
 G = Mean time per level.
                   A        B        C        D        E       F      G
               +--------+--------+--------+--------+--------+-----+--------+
         Total |  17434 |  17004 |    430 |   2974 |  10017 |  15 | 1162.3 |
       Dungeon |  13674 |  13291 |    383 |   1690 |   8689 |  11 | 1243.1 |
          Lair |   2493 |   2447 |     46 |    741 |    821 |   2 | 1246.5 |
       Ossuary |    555 |    555 |      0 |      0 |    391 |   1 |  555.0 |
       Volcano |    710 |    710 |      0 |    543 |    116 |   1 |  710.0 |
               +--------+--------+--------+--------+--------+-----+--------+

Top non-repeatable levels by time:
     D:2: 2032 daAuts
  Lair:1: 1970 daAuts
    D:10: 1638 daAuts
     D:8: 1475 daAuts
     D:1: 1429 daAuts
    D:11: 1209 daAuts
     D:7: 1200 daAuts
     D:4: 1009 daAuts
     D:5: 979 daAuts
     D:9: 954 daAuts
     D:3: 920 daAuts
     D:6: 824 daAuts
 Volcano: 710 daAuts
 Ossuary: 555 daAuts
  Lair:2: 522 daAuts
